 Dungeon Crawl Stone Soup version 0.32-a0-931-g5a2cda0630 (webtiles) character file.

Game seed: 317572796770610455

485 Biggs the Ruffian (level 6, -2/59 HPs)
             Began as a Troll Fighter on Apr 14, 2024.
             Slain by Duvessa
             ... wielding a +0 rapier
              (20 damage)
             ... on level 5 of the Dungeon.
             The game lasted 00:08:31 (842 turns).

Biggs the Ruffian (Troll Fighter)                    Turns: 842, Time: 00:08:31

Health: -2/59      AC:  4    Str: 27    XL:     6   Next: 88%
Magic:  5/5        EV:  8    Int:  4    God:
Gold:   105        SH:  7    Dex:  9    Spells: 5/5 levels left

rFire   + .          .
                       - Unarmed
rCold   . . .        b - +0 kite shield
rNeg    . . .        a - +0 robe
rPois   .            (helmet restricted)
rElec   .            (no cloak)
rCorr   .            (gloves unavailable)
SInv    .            (boots unavailable)
Will    .....        (no amulet)
Stlth   +            m - ring of protection from fire
HPRegen 1.09/turn    (no ring)
MPRegen 0.09/turn

%: no passive effects
@: no status effects
A: large, unfitting armour, claws 3, regeneration 1, shaggy fur 1, tough skin 1
a: no special abilities


You were on level 5 of the Dungeon.
You visited 1 branch of the dungeon, and saw 5 of its levels.

You collected 105 gold pieces.

Inventory:

Armour
 a - a +0 robe (worn)
 b - a +0 kite shield (worn)
Jewellery
 m - a ring of protection from fire (left claw)
Wands
 h - a wand of charming (10)
 n - a wand of mindburst (7)
Scrolls
 e - 2 scrolls of enchant weapon {unknown}
 g - a scroll of torment {unknown}
 i - a scroll of enchant armour {unknown}
 j - 2 scrolls of revelation {unknown}
 k - a scroll of poison {unknown}
 l - a scroll of immolation {unknown}
 p - a scroll of identify {unknown}
Potions
 c - a potion of might
 d - a potion of heal wounds {unknown}
 f - a potion of magic {unknown}
 o - a potion of cancellation {unknown}


   Skills:
 - Level 2.4 Fighting
 - Level 2.4 Dodging
 - Level 2.6 Shields
 + Level 7.5 Unarmed Combat


You had 5 spell levels left.
You didn't know any spells.
Your spell library was empty.

Dungeon Overview and Level Annotations

Branches:
Dungeon (5/15)
 Temple: D:4-7

Altars:

Shops:
D:1 [

Annotations:
D:5 Duvessa


Innate Abilities, Weirdness & Mutations

You are too large for most types of armour.
You have claws for hands.
Your natural rate of healing is unusually fast.
You are covered in fur. (AC +1)
You have tough skin. (AC +1)


Message History

Dowan blinks!
Duvessa, Sister of Dowan comes into view.
She is wielding a +0 rapier.
Dowan casts a spell at you. The puff of frost hits you.
You scratch Dowan.
Dowan is lightly wounded.
Dowan barely misses you.
You claw Dowan!
Dowan is almost dead.
Dowan hits you with a +0 dagger.
You barely miss Dowan.
Dowan is almost dead.
You block Dowan's attack.
You scratch Dowan.
You kill Dowan!
Duvessa weeps, and shakes her weapon.
Duvessa goes berserk!
Duvessa rages.
Duvessa hits you with a +0 rapier!
Things that are here:
a +0 dagger; a +0 robe; the elf corpse of Dowan Unknown command.
You claw Duvessa!
Duvessa is moderately wounded.
You block Duvessa's attack. Duvessa completely misses you.
You mangle Duvessa!!
Duvessa is heavily wounded.
Duvessa hits you with a +0 rapier!
You claw Duvessa!
Duvessa is severely wounded.
Duvessa hits you with a +0 rapier!!
* * * LOW HITPOINT WARNING * * *
You block Duvessa's attack.
You closely miss Duvessa.
Duvessa is severely wounded.
You block Duvessa's attack.
You scratch Duvessa.
Duvessa is severely wounded.
Duvessa hits you with a +0 rapier!!
You die...

#.. #.# #.# #####
#.#####.....
##......... .
#.....##.#
#.##########.....#.#
#..<..e@..........##
##
############....†##
#.. #....†.###.##
#######.#.# ##.# #.#
#.#### #..... ######


You could see Duvessa (berserk).

Vanquished Creatures
  A black bear (D:4)
  A phantom (D:4)
  Dowan (D:5)
  A bombardier beetle (D:4)
  2 hounds
  2 orc priests (D:4)
  An iguana (D:4)
  Ijyb (D:4)
  2 adders (D:4)
  2 dart slugs
  3 orcs
  4 ball pythons
  4 bats
  3 endoplasms
  A giant cockroach (D:4)
  A hobgoblin (D:4)
  6 jackals
  A quokka (D:4)
  2 frilled lizards
  7 goblins
  A kobold (D:2)
  2 rats
49 creatures vanquished.

Notes
Turn   | Place    | Note
-------+----------+-------------------------------------------
     0 | D:1      | Biggs the Troll Fighter began the quest for the Orb.
     0 | D:1      | Reached XP level 1. HP: 22/22 MP: 0/0
    36 | D:1      | Found Ekiggyxt's Armour Shoppe.
    68 | D:1      | Reached XP level 2. HP: 25/29 MP: 1/1
   141 | D:1      | Reached skill level 3 in Unarmed Combat
   393 | D:4      | Noticed a phantom
   408 | D:4      | Killed a phantom
   409 | D:4      | Reached skill level 4 in Unarmed Combat
   409 | D:4      | Reached XP level 3. HP: 36/36 MP: 2/2
   409 | D:4      | Reached XP level 4. HP: 44/44 MP: 3/3
   460 | D:4      | Reached skill level 5 in Unarmed Combat
   511 | D:4      | Reached XP level 5. HP: 50/50 MP: 4/4
   545 | D:4      | Reached skill level 6 in Unarmed Combat
   557 | D:4      | Noticed Ijyb
   558 | D:4      | Noticed a black bear
   558 | D:4      | HP: 2/50 [disintegration (18)]
   644 | D:4      | Killed a black bear
   645 | D:4      | Reached XP level 6. HP: 34/59 MP: 5/5
   659 | D:4      | Killed Ijyb
   693 | D:4      | Reached skill level 7 in Unarmed Combat
   758 | D:5      | Entered Level 5 of the Dungeon
   831 | D:5      | Noticed Dowan
   832 | D:5      | Noticed Duvessa
   836 | D:5      | Killed Dowan
   842 | D:5      | Slain by Duvessa

Illustrated notes

Levels and vault maps discovered:
D:1:      ncdulo_halloftheorcs, layout_rooms, serial_forest,
          infiniplex_forest_lined_3_way, infiniplex_forest_clump_long,
          infiniplex_forest_lined_1, infiniplex_forest_corner_1,
          infiniplex_forest_clump_double, infiniplex_forest_lined_1,
          infiniplex_forest_clump_curved, infiniplex_forest_lined_2,
          infiniplex_forest_lined_3_way, infiniplex_forest_clump_tiny,
          serial_shops, nicolae_shop_temple_entry_statues_fountains,
          nicolae_square_shop, shop, nicolae_shop_tiny_glass,
          nicolae_shop_rolling_square, st_stairs_8
D:2:      layout_loops_corners
D:3:      layout_loops_ring, uniq_terence
D:4:      cheibrodos_greedy_goblins, layout_rooms, uniq_ijyb
D:5:      layout_loops_ring, minmay_temple_entry_tees, uniq_duvessa

Skill      XL: |  1  2  3  4  5  6 |
---------------+-------------------+-----
Unarmed Combat | 4 5 6 7 |  7.5
Fighting       | |  2.4
Dodging        | |  2.4
Shields        | |  2.6

Action                     |  1- 3 |  4- 6 || total
---------------------------+-------+-------++-------
  Melee: Unarmed           |    59 |    98 ||   157
 Armour: Robe              |    41 |    71 ||   112
  Dodge: Dodged            |    13 |    31 ||    44
  Block: Kite shield       |    25 |    58 ||    83

Table legend: (Time is in decaauts)
 A = Elapsed time spent in this place.
 B = Non-inter-level travel time spent in this place.
 C = Inter-level travel time spent in this place.
 D = Time resting spent in this place.
 E = Time spent auto-exploring this place.
 F = Levels seen in this place.
 G = Mean time per level.
                   A        B        C        D        E       F      G
               +--------+--------+--------+--------+--------+-----+--------+
         Total |    846 |    846 |      0 |      0 |      0 |   5 |  169.2 |
       Dungeon |    846 |    846 |      0 |      0 |      0 |   5 |  169.2 |
               +--------+--------+--------+--------+--------+-----+--------+

Top non-repeatable levels by time:
     D:4: 336 daAuts
     D:2: 161 daAuts
     D:1: 161 daAuts
     D:3: 102 daAuts
     D:5: 83 daAuts
